 Dungeon Crawl Stone Soup version 0.31.0-12-g77e489cdc1 (webtiles) character file.

Game seed: 3272939015532010382

266 Peloso the Covered (level 6, -3/53 HPs)
             Began as a Minotaur Fighter on Feb 19, 2024.
             Killed from afar by Ijyb (14 damage)
             ... with a bolt of acid
             ... on level 3 of the Dungeon.
             The game lasted 00:04:46 (2122 turns).

Peloso the Covered (Minotaur Fighter)               Turns: 2122, Time: 00:04:46

Health: -3/53      AC:  0    Str: 20    XL:     6   Next: 0%
Magic:  5/5        EV:  8    Int:  5    God:
Gold:   171        SH:  5    Dex: 12    Spells: 5/5 levels left

rFire   . . .        a - +0 long sword
rCold   . . .        d - +0 buckler
rNeg    . . .        p - +0 chain mail
rPois   .            (helmet restricted)
rElec   .            (no cloak)
rCorr   .            (no gloves)
SInv    .            c - +0 pair of boots
Will    .....        (no amulet) Stlth
                     (no ring)
HPRegen 0.28/turn    (no ring)
MPRegen 0.09/turn

%: no passive effects
@: brilliant, corroded
A: horns 2, retaliatory headbutt
a: no special abilities


You were on level 3 of the Dungeon.
You visited 1 branch of the dungeon, and saw 3 of its levels.

You collected 193 gold pieces.
You spent 22 gold pieces at shops.

Inventory:

Hand Weapons
 a - a +0 long sword (weapon)
Armour
 b - a +0 scale mail
 c - a +0 pair of boots (worn)
 d - a +0 buckler (worn)
 p - a +0 chain mail (worn)
Jewellery
 o - a ring of fire
 r - a ring of see invisible
Scrolls
 e - 3 scrolls of identify
 f - a scroll of vulnerability {unknown}
 g - 2 scrolls of blinking {unknown}
 k - a scroll of silence {unknown}
 l - 3 scrolls of teleportation {unknown}
 m - a scroll of fog {unknown}
 q - a scroll of poison {unknown}
Potions
 h - a potion of resistance {unknown}
 i - a potion of cancellation {unknown}
 j - a potion of brilliance
 n - a potion of haste {unknown}


   Skills:
 + Level 4.7 Fighting
 + Level 4.9 Long Blades
 + Level 5.3 Armour
 + Level 0.4 Dodging
 + Level 4.6 Shields


You had 5 spell levels left.
You didn't know any spells.
Your spell library contained the following spells:

 Spells                   Type           Power      Damage    Failure   Level
 Chain Lightning          Conj/Air       0%         N/A       100%        9
 Fire Storm               Conj/Fire      0%         5d1       100%        9
 Shatter                  Erth           0%         3d5*      100%        9


Dungeon Overview and Level Annotations

Branches:
Dungeon (3/15)

Altars:
Hepliaklqana
Uskayaw

Shops:
D:3 ?

Annotations:
D:3 Ijyb


Innate Abilities, Weirdness & Mutations

You have a pair of horns on your head.
You reflexively headbutt those who attack you in melee.


Message History

You see here a +0 whip.
Ijyb shouts!
Ijyb is nearby!
You aren't carrying any items that you can evoke.
Unknown command.
Ijyb zaps a wand.
The bolt of acid hits you! The acid corrodes you!
You closely miss Ijyb. Your headbutt misses Ijyb.
Ijyb hits you but does no damage.
You hit Ijyb but do no damage.
Ijyb zaps a wand.
The bolt of acid misses you.
You closely miss Ijyb. Your headbutt misses Ijyb.
Ijyb hits you but does no damage.
You barely miss Ijyb. Ijyb hits you but does no damage.
You hit Ijyb but do no damage. Ijyb barely misses you.
Ijyb hits you with a +0 dagger.
You hit Ijyb but do no damage. You headbutt Ijyb, but do no damage.
Ijyb zaps a wand.
The bolt of acid hits you! The acid corrodes you!
You hit Ijyb but do no damage. Ijyb hits you with a +0 dagger.
You barely miss Ijyb. Ijyb hits you with a +0 dagger.
You barely miss Ijyb. Ijyb barely misses you. Ijyb hits you with a +0 dagger.
You barely miss Ijyb. Ijyb closely misses you.
It was a potion of brilliance.
You feel clever all of a sudden.
Ijyb zaps a wand.
The bolt of acid hits you!
* * * LOW HITPOINT WARNING * * *
The acid corrodes you!
It was a potion of curing.
You feel better. Ijyb hits you with a +0 dagger.
* * * LOW HITPOINT WARNING * * *
Okay, then.
You feel better.
Ijyb screams, "Die!"
Ijyb closely misses you.
You closely miss Ijyb. Ijyb hits you with a +0 dagger.
* * * LOW HITPOINT WARNING * * *
You completely miss Ijyb. Your headbutt misses Ijyb.
Ijyb zaps a wand.
The bolt of acid misses you.
You hit Ijyb but do no damage. Your headbutt misses Ijyb.
Ijyb hits you with a +0 dagger.
* * * LOW HITPOINT WARNING * * *
Ijyb zaps a wand.
The bolt of acid hits you!
You die...

.#.....#.....#.#
#+##'###.....#.##
#.#.......)..#..#
...###.#.######.#
##...#......#
#.##
###.##..##.###..#
#.###.##...##.#
#...#..###....#
###.........#@#
####.#...#..g.#
#....###......#
#.#### ####...#
#####.#####
#....#
>....)....#
##...#
..........# #...#
..........# #...#
..........#


You could see Ijyb.

Vanquished Creatures
  Sigmund (D:2)
  A hound (D:3)
  An adder (D:2)
  A dart slug (D:3)
  An orc (D:3)
  7 ball pythons
  5 bats
  7 endoplasms
  5 giant cockroaches
  6 goblins
  3 hobgoblins
  5 jackals
  3 quokkas
  4 frilled lizards (D:1)
  2 kobolds
  8 rats
60 creatures vanquished.

Notes
Turn   | Place    | Note
-------+----------+-------------------------------------------
     0 | D:1      | Peloso the Minotaur Fighter began the quest for the Orb.
     0 | D:1      | Reached XP level 1. HP: 19/19 MP: 0/0
   255 | D:1      | You fall into a shaft and drop 1 floor!
   295 | D:2      | Reached XP level 2. HP: 27/27 MP: 1/1
   357 | D:2      | Noticed Sigmund
   361 | D:2      | Killed Sigmund
   362 | D:2      | Reached skill level 5 in Armour
   362 | D:2      | Reached XP level 3. HP: 18/34 MP: 2/2
   362 | D:2      | Reached XP level 4. HP: 22/41 MP: 3/3
   362 | D:2      | Reached XP level 5. HP: 25/47 MP: 4/4
  1530 | D:3      | Found a faded altar of an unknown god.
  1560 | D:3      | Found Koojokao's Magic Scroll Shop.
  1569 | D:3      | Bought a scroll of identify for 22 gold pieces
  1675 | D:3      | Found a hide-covered altar of Uskayaw.
  1728 | D:3      | Noticed Ijyb
  1960 | D:3      | Found a hazy altar of Hepliaklqana.
  1970 | D:3      | Reached XP level 6. HP: 53/53 MP: 5/5
  2122 | D:3      | Killed from afar by Ijyb

Illustrated notes

Levels and vault maps discovered:
D:1:      dpeg_arrival_round_c, layout_loops_ring
D:2:      layout_rooms, uniq_sigmund
D:3:      layout_rooms, mainiacjoe_overflow_24_doors, old_standard_altar,
          shapermc_ecumenical_altar_ellora, serial_shops, shop, uniq_ijyb

Skill      XL: |  1  2  3  4  5 |
---------------+----------------+-----
Fighting       | 4 |  4.7
Long Blades    | 3 4 |  4.9
Armour         | 5 |  5.3
Shields        | 4 |  4.6
Dodging        | |  0.4

Action                     |  1- 3 |  4- 6 || total
---------------------------+-------+-------++-------
  Melee: Long sword        |    26 |   105 ||   131
         Headbutt          |     1 |    14 ||    15
    Use: Potion            |     1 |     3 ||     4
 Armour: Scale mail        |    14 |    46 ||    60
         Chain mail        |       |    26 ||    26
  Dodge: Dodged            |    10 |    54 ||    64
  Block: Buckler           |     7 |    15 ||    22
